 Dungeon Crawl Stone Soup version 0.18-a0-1702-gd20c6a5 (webtiles) character file.

56 beholder the Changer (level 3, -1/28 HPs)
             Began as a Draconian Transmuter on Apr 7, 2016.
             Slain by a sky beast (5 damage)
             ... on level 2 of the Dungeon.
             The game lasted 00:31:57 (1868 turns).

beholder the Changer (Draconian Transmuter)         Turns: 1868, Time: 00:31:58

Health: -1/28      AC:  5    Str: 12    XL:     3   Next: 71%
Magic:  1/6        EV: 12    Int: 13    God:
Gold:   124        SH:  0    Dex: 12    Spells: 3 memorised, 0 levels left

rFire  . . .     SeeInvis .       - Unarmed
rCold  . . .     Gourm    .     (armour unavailable)
rNeg   . . .     Faith    .     (no shield)
rPois  .         Spirit   .     (helmet restricted)
rElec  .         Dismiss  .     (no cloak)
rCorr  .         Reflect  .     (no gloves)
SustAt +         Harm     .     (no boots)
MR     .....                    (no amulet)
Stlth  +.........               (no ring)
                                q - ring of sustain attributes

@: not resistant to hostile enchantments, very unstealthy
A: unfitting armour, cold-blooded, AC +5
a: no special abilities


You were on level 2 of the Dungeon.
You were not hungry.

You visited 1 branch of the dungeon, and saw 3 of its levels.

You collected 124 gold pieces.

Inventory:

Missiles
 a - 38 arrows
Jewellery
 q - a ring of sustain attributes (left hand)
Scrolls
 e - 3 scrolls of recharging {unknown}
 g - 3 scrolls of remove curse {unknown}
 h - a scroll of identify {unknown}
 j - 2 scrolls of fog {unknown}
 l - a scroll of random uselessness {unknown}
 m - a scroll of magic mapping {unknown}
 o - a scroll of enchant armour {unknown}
 p - a scroll of fear {unknown}
 t - a scroll of teleportation {unknown}
Potions
 f - 2 potions of mutation {unknown}
 i - a potion of heal wounds {unknown}
 k - a potion of haste {unknown}
 n - a potion of magic {unknown}
 u - a potion of flight {unknown}
Books
 b - a book of Changes

   Spells                             Type                      Level
   a - Beastly Appendage              Transmutation                1
   b - Sticks to Snakes               Transmutation                2
   c - Spider Form                    Transmutation/Poison         3
   d - Ice Form                       Ice/Transmutation            4
   e - Blade Hands                    Transmutation                5
Comestibles
 c - a bread ration
 d - 2 fruits
 r - a chunk of flesh
 s - 2 beef jerkies


   Skills:
 + Level 1.2 Fighting
 + Level 1.9 Dodging
 - Level 3.0 Unarmed Combat
 - Level 2.0 Spellcasting
 - Level 4.0 Transmutations


You couldn't memorise any spells.
You knew the following spells:

 Your Spells              Type           Power        Failure   Level  Hunger
a - Beastly Appendage     Trmt           ##....       6%          1    ##.....
b - Sticks to Snakes      Trmt           ##......     10%         2    ###....
c - Spider Form           Trmt/Pois      #.........   34%         3    ####...


Dungeon Overview and Level Annotations

Branches:
Dungeon (3/15)

Altars:
Ashenzari
Fedhas
Gozag
Pakellas
Qazlal
Trog


Innate Abilities, Weirdness & Mutations

Your plain brown scales are hard (AC +5).
Your body does not fit into most forms of armour.
You are cold-blooded and may be slowed by cold attacks.


Message History

The sky beast is heavily wounded.
The sky beast hits you but does no damage.
The sky beast flickers out of sight!
Deactivating autopickup; reactivate with Ctrl-A.
Your magical contamination has completely faded away.
Something hits you but does no damage.
Cast which spell? (? or * to list)
You create a snake!
You now have 38 arrows.
Something hits you. Something shocks you.
* * * LOW HITPOINT WARNING * * *
Your ball python barely misses something.
A sky beast appears from thin air!
Reactivating autopickup.
You hit the sky beast.
The sky beast is heavily wounded.
Your ball python closely misses the sky beast.
The sky beast hits you.
* * * LOW HITPOINT WARNING * * *
The sky beast shocks you.
You die...

########.# #.#.#.#
#.#.# #.#
##.#.#.#####.#.#
#.###............#.##
#...................##
#####...##.#####.....##
##.###.# ##.......##
#.# #.# #.........#
#.###.# ##.......##
#...@Y#####......#
#.....S........#.#
##.########.#.##{# #.#
#.####># #.# #.# #ยง#
#)# #.# #.####
########## #.# #.#
#....# .........### #.#
#.# ####.# ####.......#
#.### #.# ### #..


You could see a sky beast and a friendly ball python.

Vanquished Creatures
  A ball python (D:2)
  6 bats
  5 giant cockroaches
  5 goblins
  7 hobgoblins
  4 jackals
  A quokka (D:2)
  A giant newt (D:2)
  A kobold (D:1)
  16 rats
47 creatures vanquished.

Vanquished Creatures (collateral kills)
  An adder (D:3)
  A goblin (D:3)
2 creatures vanquished.

Grand Total: 49 creatures vanquished

Notes
Turn   | Place    | Note
--------------------------------------------------------------
     0 | D:1      | beholder the Draconian Transmuter began the quest for the Orb.
     0 | D:1      | Reached XP level 1. HP: 16/16 MP: 3/3
    64 | D:1      | Reached XP level 2. HP: 10/23 MP: 3/5
   260 | D:1      | Reached skill level 3 in Transmutations
   417 | D:1      | Learned a level 2 spell: Sticks to Snakes
  1028 | D:1      | Reached XP level 3. HP: 27/28 MP: 4/6
  1287 | D:2      | Found an oddly glowing altar of Pakellas.
  1288 | D:2      | Found a shattered altar of Ashenzari.
  1288 | D:2      | Found a bloodstained altar of Trog.
  1288 | D:2      | Found a blossoming altar of Fedhas.
  1301 | D:2      | Found an opulent altar of Gozag.
  1301 | D:2      | Found a stormy altar of Qazlal.
  1394 | D:2      | Learned a level 3 spell: Spider Form
  1534 | D:2      | Reached skill level 4 in Transmutations
  1783 | D:3      | Noticed a sky beast
  1868 | D:2      | Slain by a sky beast

Vault maps used:
D:1:      erik_arrival_orb_chamber, hangedman_abyss_or_decor_stabs
D:2:      minmay_overflow_temple_hex
D:3:      kennysheep_crisscross

Skill      XL: |  1  2  3 |
---------------+----------+-----
Transmutations | 3 4 |  4.0
Fighting       | |  1.2
Dodging        | |  1.9
Unarmed Combat | |  3.0
Spellcasting   | |  2.0

Action                   || total
-------------------------++-------
Melee: Unarmed           ||   175
 Cast: Beastly Appendage ||    19
       Sticks to Snakes  ||     8
  Eat: Chunk             ||     4
